 Dungeon Crawl Stone Soup version 0.22-a0-409-gb855193 (webtiles) character file.

55392 Gorglomux the Grappler (level 14, 0/149 HPs)
             Began as a Troll Fighter on May 10, 2018.
             Was a High Priest of Okawaru.
             Slain by a basilisk (5 damage)
             ... on level 4 of the Lair of Beasts.
             The game lasted 00:42:10 (16619 turns).

Gorglomux the Grappler (Troll Fighter)             Turns: 16619, Time: 00:42:11

Health: 0/149      AC: 11    Str: 27    XL:     14   Next: 38%
Magic:  20/20      EV:  1    Int: 15    God:    Okawaru [*****.]
Gold:   1614       SH:  0    Dex:  9    Spells: 13/13 levels left

rFire    + . .     SeeInvis .     - Unarmed
rCold    . . .     Gourm    +   b - +1 shield
rNeg     + + +     Faith    +   C - +2 robe {MR+}
rPois    ∞         Spirit   .   U - +2 hat of the Nine Nights {god gift, Int+4}
rElec    .         Reflect  .   V - +1 cloak of the Slorg {god gift, rN+ Int+3}
rCorr    .         Harm     .   (gloves unavailable)
MR       ++...                  (boots unavailable)
Stlth    ++++......             o - amulet of faith
HPRegen  0.74/turn              x - ring of stealth
MPRegen  0.17/turn              f - ring of protection from fire

@: petrified, heroism
A: large, unfitting armour, claws 3, fast metabolism 3, gourmand, regeneration
1, shaggy fur 1, tough skin 2
a: Heroism, Finesse, Renounce Religion


You were on level 4 of the Lair of Beasts.
You worshipped Okawaru.
Okawaru was extremely pleased with you.
You were very full.

You visited 4 branches of the dungeon, and saw 21 of its levels.
You also visited: Ossuary.

You collected 1614 gold pieces.

Inventory:

Hand Weapons
 q - a +1 broad axe of chopping {god gift}
 v - a +9 broad axe of electrocution {god gift}
 L - a +2 morningstar of protection
Missiles
 z - 6 steel javelins
 G - 4 large rocks (quivered)
 Z - a throwing net
Armour
 b - a +1 shield (worn)
 C - a +2 robe of magic resistance (worn)
 I - a scarf of resistance
 U - the +2 hat of the Nine Nights (worn) {god gift, Int+4}
   (Okawaru gifted it to you on level 14 of the Dungeon)

   It affects your intelligence (+4).
 V - the +1 cloak of the Slorg (worn) {god gift, rN+ Int+3}
   (Okawaru gifted it to you on level 11 of the Dungeon)

   It affects your intelligence (+3).
   It protects you from negative energy.
Jewellery
 a - the amulet "Viubrudioco" {Inacc Int+4, unknown}
   (You found it on level 3 of the Lair of Beasts)

   [amulet of inaccuracy]

   It reduces the accuracy of all your attacks.
   It affects your intelligence (+4).
 c - an uncursed ring of protection from cold
 f - a ring of protection from fire (right claw)
 m - an uncursed ring of magical power
 o - an amulet of faith (around neck)
 x - a ring of stealth (left claw)
Wands
 A - a wand of acid (10)
 D - a wand of digging (25)
 E - a wand of enslavement (13)
 O - a wand of clouds (4)
 P - a wand of paralysis (24)
 S - a wand of scattershot (4)
Scrolls
 g - 6 scrolls of enchant armour
 l - 12 scrolls of remove curse
 s - a scroll of enchant weapon
 y - 2 scrolls of amnesia
 B - a scroll of blinking
 F - 2 scrolls of summoning
 H - 2 scrolls of immolation
 K - a scroll of holy word {unknown}
 M - a scroll of magic mapping
 N - 2 scrolls of acquirement
 R - 4 scrolls of identify
 T - 12 scrolls of teleportation
 X - 4 scrolls of fear
Potions
 e - 3 potions of might
 h - 6 potions of cancellation
 i - a potion of invisibility
 j - 2 potions of brilliance
 k - 4 potions of haste
 n - a potion of experience
 p - 5 potions of heal wounds
 t - a potion of agility {unknown}
 u - a potion of lignification {unknown}
 w - a potion of mutation {unknown}
 J - 4 potions of flight
 Q - 8 potions of curing
 Y - 2 potions of resistance
Miscellaneous
 W - a sack of spiders
Comestibles
 d - 28 rations


   Skills:
 - Level 12.0(17.0) Fighting
 + Level 2.5(7.5) Throwing
 - Level 6.0(11.0) Dodging
 - Level 9.0(14.0) Shields
 - Level 13.3(18.3) Unarmed Combat
 + Level 9.8 Invocations
 - Level 4.0 Evocations


You had 13 spell levels left.
You didn't know any spells.

Dungeon Overview and Level Annotations

Branches:
Dungeon (15/15)            Temple (1/1) D:5            Lair (4/6) D:8
    Orc (0/2) D:9          Vaults (0/5) D:14         Depths (1/5) D:15
  Swamp: Lair:2-4    Shoals: Lair:2-4     Snake: Lair:2-4    Spider: Lair:2-4

Altars:
Ashenzari
Cheibriados
Dithmenos
Elyvilon
Fedhas
Gozag
Hepliaklqana
Kikubaaqudgha
Makhleb
Nemelex Xobeh
Okawaru
Qazlal
Ru
Sif Muna
Trog
Uskayaw
Vehumet
Wu Jian
Xom
Yredelemnul
Zin
The Shining One

Shops:
D:6 [


Innate Abilities, Weirdness & Mutations

You are too large for most types of armour.
You have claws for hands.
Your metabolism is lightning-fast.
You like to eat raw meat.
Your natural rate of healing is unusually fast.
You are covered in fur. (AC +1)
You have very tough skin. (AC +2)


Message History

The basilisk gazes at you! You resist with almost no effort!
The blink frog hits you but does no damage!
The basilisk bites you!!! * * * don't die
* * * The komodo dragon butts you!!!!!! * * * don't die
* * * The basilisk gazes at you!
You resist with almost no effort!
The blink frog hits you!!! * * * don'butt die
* * * The blink frog blinks!!!
The blink frog completely misses you! The basilisk bites you! * * * don't die
* * * The komodo dragon bites you!!! * * * butt't die
* * * The blink frog hits you! * * * don't die
* * * The basilisk bites you!!! rip

........8....##
..8.8.$.8.8....
...............
#.....8........
#..8.....8.....
#....8....#...
#.............
#llP......
###@.....##
#.FlF....#
#....F..P###
#.........##
..........##
.........wP
........F...
###P....###..
##..#.. .P.


You could see a komodo dragon, 2 basilisks, 4 blink frogs and a worm.

Vanquished Creatures
  A vampire knight (Depths:1)
  Snorg (Lair:3)
  An ettin (D:14)
  An ogre mage (D:15)
  The ghost of 4thArraOfDagon the Arsonist, a journeyman OgFE of Cheibriados (D:9)
  3 hydras
  3 vault guards (D:14)
  2 centaur warriors (D:15)
  6 two-headed ogres
  5 tengu warriors
  Sonja (D:10)
  Nergalle (D:12)
  2 skeletal warriors (D:13)
  2 unseen horrors
  A necromancer (Depths:1)
  2 orc knights (D:14)
  A shadow dragon zombie (Depths:1)
  2 manticores (D:15)
  A wolf spider (D:15)
  A cyclops (D:14)
  4 ugly things (D:14)
  A salamander (D:15)
  A gargoyle (D:14)
  4 spiny frogs
  6 kobold demonologists
  4 komodo dragons
  A yaktaur (Depths:1)
  A rime drake (Lair:2)
  4 tengu conjurers
  A polar bear (shapeshifter) (D:13)
  A troll (shapeshifter) (D:15)
  3 meliai (D:15)
  4 trolls
  The ghost of azzavlup the Changer, an amateur DrTm (D:4)
  2 polar bears (Lair:3)
  3 blink frogs (Lair:2)
  2 spriggan zombies (Depths:1)
  5 hippogriffs
  5 wraiths
  A spriggan (Lair:3)
  A shadow (D:15)
  Eustachio (D:4)
  2 wyverns
  22 yaks
  3 basilisks
  2 steam dragons
  3 hungry ghosts
  5 vampire mosquitoes
  2 wargs (D:8)
  2 water moccasins
  4 porcupines
  A floating eye (shapeshifter) (D:15)
  12 orc warriors
  3 sky beasts
  2 ice beasts
  3 black bears
  A phantom (D:8)
  9 ogres
  3 wolves (Lair:3)
  13 centaurs
  8 crocodiles
  11 big kobolds
  15 bullfrogs
  A gnoll sergeant (D:9)
  A wyvern zombie (D:14)
  A wyvern skeleton (D:11)
  3 scorpions
  8 killer bees (D:11)
  7 wights
  An electric eel (D:9)
  8 howler monkeys
  3 bullfrog zombies
  7 crimson imps
  5 centaur zombies
  8 jellies
  5 hounds
  A quasit (D:8)
  8 orc priests
  7 centaur skeletons
  13 orc wizards
  4 bullfrog skeletons
  Jessica (D:2)
  3 iguanas
  12 worker ants
  A killer bee zombie (D:8)
  A hound zombie (D:8)
  2 hound skeletons
  3 mummies (Ossuary)
  A worker ant zombie (D:5)
  4 gnolls (D:9)
  A howler monkey zombie (D:8)
  10 adders
  A howler monkey skeleton (D:6)
  4 shadow imps
  9 oozes
  4 adder zombies
  3 worms
  7 leopard geckos
  63 orcs
  6 giant cockroaches
  10 goblins
  10 hobgoblins
  14 jackals
  2 quokkas
  2 ball pythons
  4 bats
  10 frilled lizards
  2 goblin zombies (Ossuary)
  4 hobgoblin zombies (Ossuary)
  37 kobolds
  2 kobold zombies (Ossuary)
  An orc zombie (Ossuary)
  2 quokka skeletons
  5 quokka zombies (Ossuary)
  6 rats
  A rat zombie (Ossuary)
559 creatures vanquished.

Vanquished Creatures (others)
  An orc wizard (D:6)
  A fungus (Lair:3)
2 creatures vanquished.

Grand Total: 561 creatures vanquished

Notes
Turn   | Place    | Note
-------+----------+-------------------------------------------
     0 | D:1      | Gorglomux the Troll Fighter began the quest for the Orb.
     0 | D:1      | Reached XP level 1. HP: 22/22 MP: 0/0
    85 | D:1      | Reached XP level 2. HP: 24/29 MP: 1/1
   492 | D:1      | Reached XP level 3. HP: 35/36 MP: 2/2
   872 | D:2      | Noticed Jessica
   880 | D:2      | Killed Jessica
   880 | D:2      | Reached skill level 3 in Fighting
   880 | D:2      | Reached skill level 3 in Shields
   899 | D:2      | Reached skill level 3 in Unarmed Combat
   908 | D:2      | Reached XP level 4. HP: 44/45 MP: 3/3
  1689 | D:3      | Reached XP level 5. HP: 38/53 MP: 4/4
  1792 | D:3      | Found a faded altar of an unknown god.
  2384 | D:4      | Noticed azzavlup's ghost (amateur DrTm)
  2429 | D:4      | Killed azzavlup's ghost
  2429 | D:4      | Reached skill level 4 in Unarmed Combat
  2429 | D:4      | Reached XP level 6. HP: 34/62 MP: 5/5
  2572 | D:4      | Noticed a dagger
  2574 | D:4      | Noticed an enchanted dagger
  2582 | D:4      | Found a hide-covered altar of Uskayaw.
  2914 | D:4      | Noticed Eustachio
  3060 | D:4      | Killed Eustachio
  3060 | D:4      | Reached XP level 7. HP: 60/71 MP: 6/6
  3261 | D:5      | Entered Level 5 of the Dungeon
  3399 | D:5      | Found a shadowy altar of Dithmenos.
  3403 | D:5      | Reached skill level 5 in Unarmed Combat
  3870 | D:5      | Found a staircase to the Ecumenical Temple.
  4116 | Temple   | Entered the Ecumenical Temple
  4201 | Temple   | Became a worshipper of Warmaster Okawaru
  4202 | Temple   | Reached skill level 8 in Unarmed Combat
  4202 | Temple   | Reached XP level 8. HP: 80/80 MP: 10/10
  4292 | D:6      | Found Luol's Armour Shop.
  4367 | D:6      | Reached XP level 9. HP: 88/88 MP: 11/11
  4778 | D:6      | Reached * piety under Okawaru
  4926 | D:7      | Reached skill level 9 in Shields
  5151 | D:7      | Found a sand-covered staircase.
  5158 | Ossuary  | Entered an ossuary
  5490 | D:7      | Reached skill level 9 in Unarmed Combat
  5792 | D:8      | Reached skill level 6 in Fighting
  5818 | D:8      | Reached ** piety under Okawaru
  6103 | D:8      | Reached XP level 10. HP: 100/100 MP: 12/12
  6131 | D:8      | Found a staircase to the Lair.
  6246 | D:8      | Noticed a two-headed ogre
  6255 | D:8      | Killed a two-headed ogre
  6395 | D:8      | Reached *** piety under Okawaru
  6395 | D:8      | Reached skill level 10 in Unarmed Combat
  6598 | D:9      | Found a staircase to the Orcish Mines.
  6649 | D:9      | Noticed 4thArraOfDagon's ghost (journeyman OgFE)
  6666 | D:9      | Killed 4thArraOfDagon's ghost
  6672 | D:9      | Reached **** piety under Okawaru
  7243 | D:10     | Entered Level 10 of the Dungeon
  7337 | D:10     | Reached XP level 11. HP: 111/111 MP: 10/13
  7437 | D:10     | Paralysed by an orc for 2 turns
  7480 | D:10     | Noticed a tengu warrior
  7490 | D:10     | Noticed a tengu warrior
  7491 | D:10     | Killed a tengu warrior
  7491 | D:10     | Reached ***** piety under Okawaru
  7491 | D:10     | Reached skill level 11 in Unarmed Combat
  7548 | D:10     | Killed a tengu warrior
  7863 | D:10     | Noticed Sonja
  7868 | D:10     | Killed Sonja
  8281 | D:11     | Reached skill level 9 in Fighting
  8462 | D:11     | Identified 2 scrolls of acquirement
  8484 | D:11     | Received a gift from Okawaru
  8518 | D:11     | Reached skill level 12 in Unarmed Combat
  8581 | D:11     | Noticed a two-headed ogre
  8590 | D:11     | Killed a two-headed ogre
  8590 | D:11     | Received a gift from Okawaru
  8622 | D:11     | Got a shimmering cloak {god gift}
  8628 | D:11     | Identified the +1 cloak of the Slorg {god gift, rN+ Int+3} (Okawaru gifted it to you on level 11 of the Dungeon)
  9247 | D:12     | Reached XP level 12. HP: 119/126 MP: 14/14
  9644 | D:12     | Noticed Nergalle
  9667 | D:12     | Killed Nergalle
  9749 | D:12     | Found an ornate altar of the Wu Jian Council.
 10288 | D:13     | Noticed a two-headed ogre
 10308 | D:13     | Killed a two-headed ogre
 10308 | D:13     | Reached skill level 3 in Dodging
 10343 | D:13     | Reached skill level 13 in Unarmed Combat
 10831 | D:13     | Reached skill level 6 in Invocations
 10957 | D:13     | Noticed a tengu warrior
 10959 | D:13     | Noticed a tengu warrior
 10966 | D:13     | Killed a tengu warrior
 10987 | D:13     | Killed a tengu warrior
 11138 | D:13     | Received a gift from Okawaru
 11171 | D:13     | Noticed a two-headed ogre
 11182 | D:13     | Killed a two-headed ogre
 11188 | D:13     | Reached ****** piety under Okawaru
 11684 | D:14     | Reached XP level 13. HP: 127/135 MP: 17/17
 11986 | D:14     | Received a gift from Okawaru
 11997 | D:14     | Got an ichor-stained hat {god gift}
 12044 | D:14     | Identified the +2 hat of the Nine Nights {god gift, Int+4} (Okawaru gifted it to you on level 14 of the Dungeon)
 12468 | D:14     | Found a gate to the Vaults.
 12541 | D:14     | Noticed an ettin
 12578 | D:14     | Killed an ettin
 12607 | D:15     | Entered Level 15 of the Dungeon
 12614 | D:15     | Found a snail-covered altar of Cheibriados.
 12671 | D:15     | Reached skill level 6 in Dodging
 13032 | D:15     | Received a gift from Okawaru
 13032 | D:15     | Reached skill level 1 in Evocations
 13566 | D:15     | Received a gift from Okawaru
 13707 | D:15     | Found a staircase to the Depths.
 13742 | Depths:1 | Entered Level 1 of the Depths
 13742 | Depths:1 | Noticed a vampire knight
 13771 | Depths:1 | Killed a vampire knight
 13771 | Depths:1 | Reached skill level 9 in Invocations
 13771 | Depths:1 | Reached XP level 14. HP: 139/148 MP: 16/19
 13787 | Depths:1 | Reached skill level 3 in Evocations
 13817 | Depths:1 | Noticed a cyan very ugly thing
 13819 | Depths:1 | Noticed a cyan very ugly thing
 13824 | Depths:1 | Noticed a brown very ugly thing
 13824 | Depths:1 | Noticed a brown very ugly thing
 13826 | Depths:1 | Noticed a purple very ugly thing
 13826 | Depths:1 | Noticed a purple very ugly thing
 13826 | Depths:1 | Noticed a purple very ugly thing
 13826 | Depths:1 | Noticed a purple very ugly thing
 14118 | Lair:1   | Entered Level 1 of the Lair of Beasts
 15329 | Lair:2   | Received a gift from Okawaru
 15334 | Lair:2   | Reached skill level 12 in Fighting
 15950 | Lair:2   | Reached skill level 1 in Throwing
 16035 | Lair:3   | Noticed Snorg
 16044 | Lair:3   | Killed Snorg
 16384 | Lair:3   | Got a coiled lead amulet
 16619 | Lair:4   | HP: 6/149 [komodo dragon (5)]
 16619 | Lair:4   | Slain by a basilisk

Vault maps used:
D:1:      elethiomel_arrival_quiet, hangedman_decor_lopped, grunt_decor_fettered
D:2:      first_ration, uniq_jessica
D:3:      chequers_ecumenical_altar_island, kennysheep_boxes
D:4:      dancing_weapons_uskayaw, uniq_eustachio
D:5:      lemuel_temple_firewalk_b, grunt_dithmenos_smoke_and_mirrors
D:6:      serial_shops, shop, minmay_tree_intersection
D:7:      enter_ossuary_5
D:8:      erik_lair_orcish_takeover
D:10:     hangedman_little_slice_of_home, grunt_potential, uniq_sonja
D:12:     basic_altar, uniq_nergalle
D:14:     grunt_vaults_entry_fortified, roderic_serpentine_path,
          kennysheep_just_a_vault
D:15:     hangedman_depths_entry_try_elsewhere_first, cheibriados_altar_1
Temple:   compressed_dpeg_circular_temple
Lair:1:   bh_autumn_forest_stairs
Lair:2:   nicolae_quartered_pool_super
Lair:3:   grunt_forest_stairs_clearing, uniq_snorg
Lair:4:   swamp_mist, nicolae_spider_entry_non_spiders,
          kennysheep_basilisk_garden, uniq_josephine
Depths:1: enter_ziggurat_e, hell_entry, fountainhead, nrook_loot_triangle,
          evilmike_minifort, serial_bayou_shore_a
Ossuary:  ossuary_minmay_chase

Skill      XL: |  1  2  3  4  5  6  7  8  9 10 11 12 13 14 |
---------------+-------------------------------------------+-----
Fighting       | 3 4 5 6 7 9 10 11 12 | 12.0
Shields        | 3 4 8 9 |  9.0
Unarmed Combat | 3 4 8 9 10 12 13 | 13.3
Invocations    | 5 6 9 |  9.8
Dodging        | 4 6 |  6.0
Evocations     | 2 4 |  4.0
Throwing       | 2 |  2.5

Action                   |  1- 3 |  4- 6 |  7- 9 | 10-12 | 13-15 || total
-------------------------+-------+-------+-------+-------+-------++-------
Melee: Unarmed           |   104 |   247 |   333 |   627 |   438 ||  1749
       Broad axe         |       |       |       |    65 |    35 ||   100
       Morningstar       |       |       |       |       |    12 ||    12
Throw: Javelin           |       |       |     5 |     7 |    15 ||    27
       Large rock        |       |       |       |       |     8 ||     8
Invok: Heroism           |       |       |     4 |    22 |    17 ||    43
       Finesse           |       |       |       |       |     7 ||     7
Evoke: Wand              |       |       |       |     8 |     3 ||    11
  Use: Scroll            |       |       |    16 |    12 |     3 ||    31
       Potion            |       |       |     1 |       |     2 ||     3
 Stab: Sleeping          |       |     9 |     3 |     6 |       ||    18
       Distracted        |       |       |       |     3 |       ||     3
       Confused          |       |       |       |       |     1 ||     1
  Eat: Chunk             |    14 |    19 |    29 |    61 |    37 ||   160
       Ration            |       |       |       |       |     2 ||     2
Armor: Robe              |    35 |    80 |    46 |   117 |   101 ||   379
Dodge: Dodged            |    32 |    94 |    61 |   237 |   158 ||   582
Block: Shield            |    50 |   101 |   141 |   409 |   294 ||   995

Table legend:
 A = Spawn XP
 B = Non-spawn XP
 C = Spawn XP percentage of total XP
 D = Spawn monster count
 E = Non-spawn monster count
 F = Spawn count percentage of total count
 G = Total turns spent on level
                    A         B        C        D         E        F      G
               +---------+---------+-------+---------+---------+-------+---------
         Total |       0 |   77813 |   0.0 |       0 |     559 |   0.0 | 16619
               +---------+---------+-------+---------+---------+-------+---------
           D:1 |       0 |      49 |   0.0 |       0 |      25 |   0.0 |   836
           D:2 |       0 |     121 |   0.0 |       0 |      30 |   0.0 |   658
           D:3 |       0 |      68 |   0.0 |       0 |      17 |   0.0 |   883
           D:4 |       0 |     658 |   0.0 |       0 |      26 |   0.0 |  1019
           D:5 |       0 |     476 |   0.0 |       0 |       9 |   0.0 |   776
           D:6 |       0 |     896 |   0.0 |       0 |      31 |   0.0 |   647
           D:7 |       0 |     844 |   0.0 |       0 |      20 |   0.0 |   851
           D:8 |       0 |    2863 |   0.0 |       0 |      47 |   0.0 |   689
           D:9 |       0 |    3154 |   0.0 |       0 |      24 |   0.0 |   659
          D:10 |       0 |    4992 |   0.0 |       0 |      44 |   0.0 |   934
          D:11 |       0 |    6048 |   0.0 |       0 |      47 |   0.0 |  1101
          D:12 |       0 |    5087 |   0.0 |       0 |      25 |   0.0 |  1386
          D:13 |       0 |    8641 |   0.0 |       0 |      50 |   0.0 |   859
          D:14 |       0 |   13411 |   0.0 |       0 |      43 |   0.0 |  1295
          D:15 |       0 |   14065 |   0.0 |       0 |      42 |   0.0 |  1182
        Lair:1 |       0 |    1107 |   0.0 |       0 |       4 |   0.0 |   812
        Lair:2 |       0 |    7075 |   0.0 |       0 |      26 |   0.0 |  1058
        Lair:3 |       0 |    4313 |   0.0 |       0 |      19 |   0.0 |   598
        Lair:4 |       0 |     365 |   0.0 |       0 |       3 |   0.0 |    33
      Depths:1 |       0 |    3490 |   0.0 |       0 |       6 |   0.0 |    89
       Ossuary |       0 |      90 |   0.0 |       0 |      21 |   0.0 |   152
               +---------+---------+-------+---------+---------+-------+---------
